 Dungeon Crawl Stone Soup version 0.30-a0-354-g6b83867211 (webtiles) character file.

Game seed: 13828693830045599821

9571 ytrimaz the Carver (level 11, -1/133 HPs)
             Began as a Formicid Fighter on Nov 7, 2022.
             Was an Elder of Okawaru.
             Slain by a swamp worm (11 damage)
             ... on level 11 of the Dungeon.
             The game lasted 00:14:01 (10934 turns).

ytrimaz the Carver (Formicid Fighter)              Turns: 10934, Time: 00:14:02

Health: -1/133     AC: 25    Str: 27    XL:     11   Next: 76%
Magic:  11/11      EV:  2    Int:  8    God:    Okawaru [****..]
Gold:   602        SH:  5    Dex: 17    Spells: 10/10 levels left

rFire   . . .      SeeInvis .    y - +3 great sword
rCold   . . .      Faith    .    c - +0 buckler
rNeg    . . .      Spirit   .    (body armour currently unavailable)
rPois   +          Reflect  .    (helmet unavailable)
rElec   .          Harm     .    (cloak currently unavailable)
rCorr   .          Rampage  .    (gloves currently unavailable)
Will    +....                    (boots currently unavailable)
Stlth   ++........               (no amulet)
HPRegen 0.42/turn                s - +6 ring of strength
MPRegen 0.12/turn                z - ring of flight

@: tree-form
A: stationary, stasis, torment immunity, boosted hp, permanent stasis, dig
shafts and tunnels, (antennae 3), four strong arms, (iridescent scales 1),
subdued magic 2, noise suppression
a: Renounce Religion, Heroism, Finesse


You were on level 11 of the Dungeon.
You worshipped Okawaru.
Okawaru was greatly pleased with you.
You were a tree.
You visited 2 branches of the dungeon, and saw 12 of its levels.
You also visited: Ossuary and Bailey.

You collected 602 gold pieces.


Innate Abilities, Weirdness & Mutations

You are a tree.
Your roots penetrate the ground, keeping you stationary.
You cannot be teleported.
You are immune to unholy pain and torment.
Your maximum health is greatly increased.
Your equipment is partially melded.
You cannot be hasted, slowed, berserked, paralysed or teleported.
You can dig through walls and to a lower floor.
((You have a pair of large antennae on your head. (SInv)))
Your four strong arms can wield two-handed weapons with a shield.
((You are partially covered in iridescent scales. (AC +2)))
Your spells are easier to cast, but less powerful.
You passively dampen the noise of your surroundings.


   Skills:
 + Level 9.0 Fighting
 - Level 14.1 Long Blades
 + Level 9.0 Armour
 - Level 4.0 Shields


You had 10 spell levels left.
You didn't know any spells.
Your spell library contained the following spells:

 Spells                   Type           Power      Damage    Failure   Level
 Foxfire                  Conj/Fire      0%         2x1d4     38%         1
 Kiss of Death            Conj/Necr      0%         2d5       38%         1
 Ensorcelled Hibernation  Hex/Ice        0%         N/A       54%         2
 Passwall                 Tmut/Erth      0%         N/A       54%         2
 Frozen Ramparts          Ice            0%         1d1       78%         3
 Ice Form                 Ice/Tmut       0%         N/A       99%         4
 Fireball                 Conj/Fire      0%         3d3       100%        5
 Starburst                Conj/Fire      0%         6d3       100%        6
 Swiftness                Air            Unusable   N/A       N/A         3
 Summon Ice Beast         Ice/Summ       Unusable   N/A       N/A         4

Inventory:

Hand Weapons
 a - a +1 long sword
 y - a +3 great sword (weapon)
   (You took it off a wight on level 8 of the Dungeon)
Missiles
 n - 16 poisoned darts
Armour
 b - a +0 scale mail
 c - a +0 buckler (worn)
 f - a +0 pair of boots (melded)
   (You found it on level 1 of the Dungeon)
 i - a +0 pair of gloves (melded)
   (You found it on level 1 of the Dungeon)
 x - a +0 cloak (melded)
   (You took it off Maurice on level 8 of the Dungeon)
 G - the +2 leather armour "Idat" (melded) {Fly rC+ Will+ rCorr}
   (You found it on level 9 of the Dungeon)

   rC:        It protects you from cold.
   Fly:       It grants you flight.
   rCorr:     It protects you from acid and corrosion.
   Will:      It increases your willpower.
Jewellery
 h - the ring "Vurphodi" {Fire Dex+6 Stlth+}
   (You found it in a bailey)

   [ring of fire]

   It enhances your fire magic.
   Dex:       It affects your dexterity (+6).
   rF:        It protects you from fire.
   rC:        It makes you vulnerable to cold.
   Stlth:     It makes you more stealthy.
 s - a +6 ring of strength (left branch)
   (You found it on level 4 of the Dungeon)
 z - a ring of flight (right branch)
   (You found it on level 9 of the Dungeon)
Wands
 l - a wand of iceblast (6)
   (You found it on level 3 of the Dungeon)
 v - a wand of digging (4)
   (You took it off an orc wizard on level 6 of the Dungeon)
 w - a wand of polymorph (12) (quivered)
   (You took it off Maurice on level 8 of the Dungeon)
Scrolls
 e - 2 scrolls of immolation
 k - a scroll of enchant weapon
 B - a scroll of silence
Potions
 g - 3 potions of attraction
 j - 4 potions of mutation
 m - 11 potions of curing
 q - 2 potions of magic {unknown}
 r - 2 potions of brilliance
 A - a potion of cancellation {unknown}
 C - a potion of ambrosia {unknown}

Dungeon Overview and Level Annotations

Branches:
Dungeon (10/15) Zot: 26097  Temple (1/1) D:6 Zot: 5745    Lair (0/5) D:9
Ossuary (visited)          Bailey (visited)
    Orc: D:9-12

Altars:
Ashenzari
Cheibriados
Dithmenos
Elyvilon
Fedhas
Hepliaklqana
Kikubaaqudgha
Makhleb
Nemelex Xobeh
Okawaru
Qazlal
Ru
Sif Muna
Trog
Uskayaw
Vehumet
Wu Jian
Xom
Yredelemnul
Zin
The Shining One

Shops:
D:11

? #...#.###. #...#.###.
. #######+####...#.....
.. #....#.....#...#.....
..8#....#.....#...#.....
........#.....#...#.....
#....'.....#...#.....
...#....#.....#...#.....
..8....♣#.....#...#.....
..##..w.#.....#...#.....
#....#...#.'..(#.....
......#...#.#...#.....
........#...#.#...#.....
........#...#.#...#.....
........#...#.#...#.....
).......#...#.#...#.....
#...#.#...#.....


You could see a swamp worm.


Message History

😕 HP[+1] Unknown command.
You reach down and open the door.
There is an open door here.
Unknown command.
q - 2 viscous black potions (gained 1) Key pressed, stopping explore.
You see here a +0 ring mail.
Key pressed, stopping explore.
Unknown command. 😎 HP[+11]
Your hp is fully restored (89).
You reach down and open the door.
You sense a monster nearby.
A two-headed ogre comes into view.
It is wielding a +0 giant spiked club and a +0 giant club.
There is an open door here.
A two-headed ogre is nearby!
The two-headed ogre shouts in stereo!
The two-headed ogre misses you. The two-headed ogre barely misses you.
You slash the two-headed ogre!
The two-headed ogre hits you but does no damage.
The two-headed ogre hits you with a +0 giant club! 😕 HP[-11]
You take 11 damage, and now have 78/89 hp.
You barely miss the two-headed ogre. 😕 HP[+1] Unknown command.
You slash the two-headed ogre!
You block the two-headed ogre's attack. x2
You hit the two-headed ogre but do no damage.
The two-headed ogre hits you with a +0 giant spiked club!!
The two-headed ogre hits you with a +0 giant club!
* * * LOW HITPOINT WARNING * * *
😨 HP[-43]
You take 43 damage, and now have 36/89 hp.
MASSIVE DAMAGE!! (PAUSE)
You hit the two-headed ogre. You block the two-headed ogre's attack.
The two-headed ogre barely misses you. 😨 HP[+1]
You barely miss the two-headed ogre.
Unknown command.
Aiming: Quicksilver Bolt
Press: ? - help, Q - select action, (/) - cycle Shift-Dir - straight line, f - two-headed ogre
Aim: a two-headed ogre, wielding a +0 giant spiked club and a +0 giant club (moderately wounded, 86% to hit)
The bolt of dispelling energy misses the two-headed ogre.
The two-headed ogre hits you with a +0 giant spiked club!
* * * LOW HITPOINT WARNING * * *
The two-headed ogre closely misses you. 😨 HP[-9]
You take 9 damage, and now have 28/89 hp.
Unknown command.
Aiming: Quicksilver Bolt
Press: ? - help, Q - select action, (/) - cycle Shift-Dir - straight line, f/p - two-headed ogre
Aim: a two-headed ogre, wielding a +0 giant spiked club and a +0 giant club (moderately wounded, 86% to hit)
The bolt of dispelling energy hits the two-headed ogre!
The now-empty wand crumbles to dust.
The two-headed ogre misses you.
The two-headed ogre hits you with a +0 giant club!
* * * LOW HITPOINT WARNING * * *
😱 HP[-8]
You take 8 damage, and now have 20/89 hp.
Unknown command.
Really quaff the potion of lignification?
You turn into a tree.
Your +0 cloak melds into your body.
Your +0 pair of gloves melds into your body.
Your +0 pair of boots melds into your body.
The +2 leather armour "Idat" {Fly rC+ Will+ rCorr} melds into your body.
Your roots penetrate the ground. 😱 HP[+10]
You now have 133 max hp (+44).
You regained 10 hp, and now have 30/133 hp.
Aiming: Polymorph
Press: ? - help, Q - select action, (/) - cycle Shift-Dir - straight line, f/p - two-headed ogre
Aim: a two-headed ogre, wielding a +0 giant spiked club and a +0 giant club (heavily wounded, will become a swamp worm, a glowing shapeshifter, or a bunyip, chance to affect: 31%)
The two-headed ogre easily resists.
The two-headed ogre hits you with a +0 giant spiked club!
* * * LOW HITPOINT WARNING * * *
The two-headed ogre hits you but does no damage. 😱 HP[-17]
You take 17 damage, and now have 13/133 hp.
Unknown command.
Aiming: Polymorph
Press: ? - help, Q - select action, (/) - cycle Shift-Dir - straight line, f/p - two-headed ogre
Aim: a two-headed ogre, wielding a +0 giant spiked club and a +0 giant club (heavily wounded, will become a swamp worm, a glowing shapeshifter, or a bunyip, chance to affect: 31%)
The two-headed ogre easily resists.
The two-headed ogre hits you with a +0 giant spiked club.
* * * LOW HITPOINT WARNING * * *
The two-headed ogre hits you with a +0 giant club.
* * * LOW HITPOINT WARNING * * *
😱 HP[-4]
You take 4 damage, and now have 9/133 hp.
Aiming: Polymorph
Press: ? - help, Q - select action, (/) - cycle Shift-Dir - straight line, f/p - two-headed ogre
Aim: a two-headed ogre, wielding a +0 giant spiked club and a +0 giant club (heavily wounded, will become a swamp worm, a glowing shapeshifter, or a bunyip, chance to affect: 31%)
The two-headed ogre easily resists.
Aiming: Polymorph
Press: ? - help, Q - select action, (/) - cycle Shift-Dir - straight line, f/p - two-headed ogre
Aim: a two-headed ogre, wielding a +0 giant spiked club and a +0 giant club (heavily wounded, will become a swamp worm, a glowing shapeshifter, or a bunyip, chance to affect: 31%)
The two-headed ogre evaporates and reforms as a swamp worm!
The swamp worm bites you!
You die...

Skill      XL: |  1  2  3  4  5  6  7  8  9 10 11 |
---------------+----------------------------------+-----
Long Blades    | 3 4 5 7 9 10 13 14 | 14.1
Fighting       | 6 9 |  9.0
Armour         | 6 9 |  9.0
Shields        | |  4.0

Action                   |  1- 3 |  4- 6 |  7- 9 | 10-12 || total
-------------------------+-------+-------+-------+-------++-------
Melee: Long sword        |    81 |    60 |       |       ||   141
       Great sword       |       |    72 |   273 |   501 ||   846
       Unarmed           |       |       |       |     3 ||     3
 Abil: Dig               |       |       |     2 |     1 ||     3
Evoke: Wand              |       |       |       |    25 ||    25
  Use: Scroll            |     3 |     1 |     4 |    11 ||    19
       Potion            |       |     1 |     2 |     5 ||     8
 Stab: Paralysed         |       |       |       |     3 ||     3
       Invisible         |       |       |       |     4 ||     4
Armor: Scale mail        |    45 |    62 |   182 |   234 ||   523
       Skin              |       |       |       |     2 ||     2
       Leather armour    |       |       |       |    51 ||    51
       Chain mail        |       |       |       |    10 ||    10
Dodge: Dodged            |    37 |    69 |   124 |   265 ||   495
Block: Buckler           |    22 |    38 |    82 |   173 ||   315

Levels and vault maps discovered:
D:1:      dpeg_arrival_lava_temple_mockup, layout_basic,
          hellmonk_ecumenical_altar_run_dry, ebering_dispersal_statue_hall,
          minmay_misc_feat_square
D:2:      layout_loops_cross, corexii_shack,
          nicolae_concentric_dashed_squares_mild
D:3:      layout_rooms, serial_co_window_serial, co_window_corner_a,
          co_window_corner_a, co_window_paths_b, co_window_paths_a,
          co_window_paths_b, co_window_paths_a, co_window_corner_a,
          co_window_of_opportunity_a, co_window_paths_a, co_window_paths_c,
          co_window_cross_3, co_window_2corner, glass_columns_a
D:4:      old_forge, layout_basic, mainiacjoe_overflow_surrounded_room,
          uniq_natasha, uniq_pikel
D:5:      layout_cave_pools, serial_park, serial_park_square2,
          serial_park_tiny_2, serial_park_avenue1, minmay_misc_feat_roman
D:6:      layout_basic, minmay_temple_entry_tees, uniq_duvessa, uniq_grinder
D:7:      layout_basic, okawaru_humans, item_on_display_a
D:8:      layout_rooms, old_standard_altar, enter_bailey_3,
          lightli_ossuary_entry_decrepit_ruins, uniq_maurice
D:9:      layout_roguey, lemuel_crystal_altar, led_sif_book,
          grunt_dithmenos_smoke_and_mirrors, grunt_lair_entry_orc_guard_hut
D:10:     layout_loops_ring, nicolae_gozag_cash_rules_everything_around_me,
          gammafunk_ghost_arena, chequers_serial_rivers_micro_d, billiards_dpeg
D:11:     layout_stronghold, zombieorc1_lemuel, serial_shops, shop_fountains,
          shop, nicolae_stop_n_shop_1, grunt_decor_resistance
Temple:   bh_familiar_temple

Notes
Turn   | Place    | Note
-------+----------+-------------------------------------------
     0 | D:1      | ytrimaz the Formicid Fighter began the quest for the Orb.
     0 | D:1      | Reached XP level 1. HP: 18/18 MP: 1/1
     0 | D:1      | magus.rc [v1.9.6]
   366 | D:1      | Reached XP level 2. HP: 23/24 MP: 2/2
   571 | D:1      | Found a faded altar of an unknown god.
   582 | D:1      | Reached skill level 3 in Long Blades
  1027 | D:2      | Reached XP level 3. HP: 29/29 MP: 3/3
  1129 | D:2      | You pick up a book of Fire and begin reading...
  1129 | D:2      | You add the spells Foxfire, Fireball and Starburst to your
                  | library.
  1256 | D:2      | Reached skill level 4 in Long Blades
  1256 | D:2      | Reached XP level 4. HP: 33/35 MP: 4/4
  1732 | D:3      | Gained mutation: Your spells are a little easier to cast,
                  | but a little less powerful. [potion of mutation]
  1732 | D:3      | Gained mutation: You passively dampen the noise of your
                  | surroundings. [potion of mutation]
  1732 | D:3      | Gained mutation: Your spells are easier to cast, but less
                  | powerful. [potion of mutation]
  1732 | D:3      | Gained mutation: You are partially covered in iridescent
                  | scales. (AC +2) [potion of mutation]
  1743 | D:3      | Reached XP level 5. HP: 39/41 MP: 5/5
  1806 | D:3      | Reached skill level 5 in Long Blades
  1885 | D:3      | You pick up a book of Burglary and begin reading...
  1885 | D:3      | You add the spells Passwall and Ensorcelled Hibernation to
                  | your library.
  2724 | D:4      | Found a glowing silver altar of Zin.
  2727 | D:4      | Noticed Natasha
  2738 | D:4      | Killed Natasha
  2787 | D:4      | Reached XP level 6. HP: 36/47 MP: 6/6
  2860 | D:4      | Reached skill level 6 in Long Blades
  2989 | D:4      | Reached skill level 7 in Long Blades
  2989 | D:4      | Reached XP level 7. HP: 45/52 MP: 7/7
  3185 | D:4      | Noticed Pikel
  3251 | D:4      | Killed Pikel
  3252 | D:4      | Reached skill level 9 in Long Blades
  3252 | D:4      | Reached XP level 8. HP: 23/58 MP: 8/8
  3510 | D:4      | Noticed Natasha
  3516 | D:4      | Killed Natasha
  3531 | D:5      | Entered Level 5 of the Dungeon
  3766 | D:5      | Reached skill level 10 in Long Blades
  3997 | D:5      | Reached XP level 9. HP: 61/64 MP: 9/9
  4469 | D:6      | Reached skill level 11 in Long Blades
  4608 | D:6      | Found a staircase to the Ecumenical Temple.
  4625 | Temple   | Entered the Ecumenical Temple
  5030 | D:6      | Noticed Grinder
  5040 | D:6      | Killed Grinder
  5041 | D:6      | Reached skill level 12 in Long Blades
  5756 | D:6      | Noticed Duvessa
  5756 | D:6      | Noticed Dowan
  5770 | D:6      | Killed Duvessa
  5771 | D:6      | Reached skill level 13 in Long Blades
  5771 | D:6      | HP: 16/64 [Dowan/shard of ice (18)]
  5776 | D:6      | Killed Dowan
  5777 | D:6      | Reached XP level 10. HP: 19/70 MP: 10/10
  6196 | D:7      | Identified the +1 robe of the Equator {rF- rC+++ Int+3
                  | Dex-4}
  6382 | D:7      | Found an iron altar of Okawaru.
  6415 | D:7      | Reached skill level 14 in Long Blades
  6419 | D:7      | Became a worshipper of Warmaster Okawaru
  6765 | D:8      | Noticed Maurice
  6792 | D:8      | Killed Maurice
  6793 | D:8      | Reached skill level 4 in Fighting
  6793 | D:8      | Reached skill level 4 in Armour
  6924 | D:8      | Found a sand-covered staircase.
  6929 | Ossuary  | Entered an ossuary
  7033 | Ossuary  | Reached * piety under Okawaru
  7238 | D:8      | Found a basalt altar of Yredelemnul.
  7320 | D:8      | Found a flagged portal.
  7340 | Bailey   | Entered a bailey
  7458 | Bailey   | Reached skill level 5 in Armour
  7474 | Bailey   | Reached skill level 5 in Fighting
  7825 | Bailey   | Noticed a gargoyle
  7841 | Bailey   | Killed a gargoyle
  7841 | Bailey   | Reached ** piety under Okawaru
  7842 | Bailey   | Reached skill level 6 in Fighting
  7842 | Bailey   | Reached skill level 6 in Armour
  7858 | Bailey   | Identified the ring "Vurphodi" {Fire Dex+6 Stlth+}
  7965 | Bailey   | Reached XP level 11. HP: 56/81 MP: 11/11
  7971 | Bailey   | Identified the +0 robe of the Moon {Rampage Int+3}
  8232 | D:8      | You pick up a book of Rime and begin reading...
  8232 | D:8      | You add the spells Frozen Ramparts and Ice Form to your
                  | library.
  8451 | D:9      | Found a shadowy altar of Dithmenos.
  8650 | D:9      | Found a staircase to the Lair.
  8678 | D:9      | Reached skill level 7 in Fighting
  8678 | D:9      | Reached skill level 7 in Armour
  8715 | D:9      | Found a shimmering blue altar of Sif Muna.
  8747 | D:9      | Got Sif Muna's Secrets of Conjuration
  9146 | D:9      | Identified the +2 leather armour "Idat" {Fly rC+ Will+
                  | rCorr}
  9153 | D:9      | Found a burning altar of Makhleb.
  9752 | D:9      | Reached skill level 8 in Fighting
  9752 | D:9      | Reached skill level 8 in Armour
  9801 | D:10     | Entered Level 10 of the Dungeon
  9804 | D:10     | Reached *** piety under Okawaru
 10033 | D:10     | You are sucked into a shaft and drop 1 floor!
 10038 | D:11     | Noticed a boulder beetle
 10060 | D:11     | Killed a boulder beetle
 10229 | D:11     | Reached **** piety under Okawaru
 10346 | D:11     | Found Wofizihu's Magic Scroll Shop.
 10422 | D:11     | HP: 18/87 [orc warrior/+0 glaive (19)]
 10727 | D:11     | Noticed a cyclops
 10739 | D:11     | Killed a cyclops
 10740 | D:11     | Reached skill level 9 in Fighting
 10740 | D:11     | Reached skill level 9 in Armour
 10919 | D:11     | Noticed a two-headed ogre
 10929 | D:11     | HP: 20/89 [two-headed ogre/+0 giant spiked club (9)]
 10932 | D:11     | HP: 9/133 [two-headed ogre/+0 giant spiked club (1)]
 10934 | D:11     | a two-headed ogre changed into a swamp worm
 10934 | D:11     | Slain by a swamp worm

Vanquished Creatures
  A boulder beetle (D:11)
  Pikel (D:4)
  A cyclops (D:11)
  Maurice (D:8)
  A gargoyle (Bailey)
  An unseen horror (D:11)
  A kobold demonologist (D:11)
  Grinder (D:6)
  A shadow (D:10)
  A vampire (Bailey)
  A wraith (D:9)
  2 humans (D:7)
  A yak (D:9)
  4 wyverns
  2 water moccasins
  Duvessa (D:6)
  3 orc warriors
  2 ogres (D:6)
  3 ice beasts
  A black bear (D:5)
  2 lemures (D:4)
  2 elf zombies (Ossuary)
  A kobold brigand (D:9)
  7 bullfrogs
  2 gnoll sergeants
  6 scorpions
  8 wights
  Dowan (D:6)
  8 killer bees
  9 vampire bats (Bailey)
  6 howler monkeys
  4 wolf zombies (Bailey)
  2 centaur zombies (Ossuary)
  2 human zombies (Ossuary)
  2 jellies
  7 orc priests
  7 hounds
  5 iguanas
  Natasha (twice) (D:4)
  9 orc wizards
  2 mummies (Ossuary)
  14 adders
  14 gnolls
  A shadow imp (D:8)
  A white imp (D:7)
  An ufetubus (D:5)
  2 adder zombies (Ossuary)
  3 worms
  2 dart slugs
  16 orcs
  10 ball pythons
  4 endoplasms
  2 giant cockroaches (D:3)
  13 goblins
  8 hobgoblins
  7 jackals
  12 kobolds
  A quokka (D:4)
  8 bats
  3 frilled lizards
  A goblin zombie (Ossuary)
  9 hobgoblin zombies (Ossuary)
  14 kobold zombies (Ossuary)
  25 orc zombies
  3 rats
298 creatures vanquished.

Vanquished Creatures (others)
  14 fungi
  12 plants (D:9)
26 creatures vanquished.

Grand Total: 324 creatures vanquished

Table legend:
 A = Non-vault XP
 B = Vault XP
 C = Vault XP percentage of total XP
 D = Non-vault monster count
 E = Vault monster count
 F = Vault count percentage of total count
                 A         B        C        D         E       F
            +---------+---------+-------+---------+---------+-------
      Total |    8672 |    5001 |  36.6 |     194 |     102 |  34.5
            +---------+---------+-------+---------+---------+-------
        D:1 |      25 |       0 |   0.0 |      16 |       0 |   0.0
        D:2 |      82 |       2 |   2.4 |      25 |       1 |   3.8
        D:3 |      96 |       0 |   0.0 |      13 |       0 |   0.0
        D:4 |     266 |    1012 |  79.2 |      23 |      10 |  30.3
        D:5 |     679 |       0 |   0.0 |      17 |       0 |   0.0
        D:6 |    1301 |     484 |  27.1 |      30 |       3 |   9.1
        D:7 |     737 |     387 |  34.4 |      11 |       2 |  15.4
        D:8 |     418 |     540 |  56.4 |      10 |       5 |  33.3
        D:9 |    2112 |     677 |  24.3 |      34 |       7 |  17.1
       D:10 |     537 |       0 |   0.0 |       6 |       0 |   0.0
       D:11 |    2419 |       0 |   0.0 |       9 |       0 |   0.0
    Ossuary |       0 |     453 | 100.0 |       0 |      39 | 100.0
     Bailey |       0 |    1446 | 100.0 |       0 |      35 | 100.0
            +---------+---------+-------+---------+---------+-------

Illustrated notes

Table legend:
 A = Kills in this place as a percentage of kills in entire the game.
 B = Kills by you in this place as a percentage of kills by you in the entire game.
 C = Kills by friends in this place as a percentage of kills by friends in the entire game.
 D = Other kills in this place as a percentage of other kills in the entire game.
 E = Experience gained in this place as a percentage of experience gained in the entire game.
 F = Experience gained in this place divided by the number of levels of this place that you have seen.
                   A       B       C       D       E      F
               +-------+-------+-------+-------+-------+----------------------
         Total | 100.0 | 100.0 |   N/A |   N/A | 100.0 | 976.6
       Dungeon |  75.0 |  75.0 |   N/A |   N/A |  86.1 | 1070.4
       Ossuary |  13.2 |  13.2 |   N/A |   N/A |   3.3 | 453.0
        Bailey |  11.8 |  11.8 |   N/A |   N/A |  10.6 | 1446.0
               +-------+-------+-------+-------+-------+----------------------

Table legend: (Time is in decaauts)
 A = Elapsed time spent in this place.
 B = Non-inter-level travel time spent in this place.
 C = Inter-level travel time spent in this place.
 D = Time resting spent in this place.
 E = Time spent auto-exploring this place.
 F = Levels seen in this place.
 G = Mean time per level.
                   A        B        C        D        E       F      G
               +--------+--------+--------+--------+--------+-----+--------+
         Total |  11072 |  10830 |    242 |    327 |   7787 |  14 |  790.9 |
       Dungeon |   9826 |   9614 |    212 |    327 |   7045 |  11 |  893.3 |
        Temple |    254 |    224 |     30 |      0 |    216 |   1 |  254.0 |
       Ossuary |    210 |    210 |      0 |      0 |      2 |   1 |  210.0 |
        Bailey |    780 |    780 |      0 |      0 |    524 |   1 |  780.0 |
               +--------+--------+--------+--------+--------+-----+--------+

Top non-repeatable levels by time:
     D:9: 1360 daAuts
     D:6: 1297 daAuts
     D:4: 1261 daAuts
     D:1: 1016 daAuts
    D:11: 901 daAuts
     D:3: 814 daAuts
  Bailey: 780 daAuts
     D:7: 757 daAuts
     D:2: 743 daAuts
     D:5: 739 daAuts
     D:8: 702 daAuts
  Temple: 254 daAuts
    D:10: 231 daAuts
 Ossuary: 210 daAuts
